 Dungeon Crawl Stone Soup version 0.30-b1-2-g02819fbbbe (webtiles) character file.

Game seed: 11974610034845607926

5 Barriton the Firebug (level 1, -1/14 HPs)
             Began as a Draconian Fire Elementalist on May 15, 2023.
             Slain by a goblin
             ... wielding a +0 spear
              (4 damage)
             ... on level 1 of the Dungeon.
             The game lasted 00:00:34 (134 turns).

Barriton the Firebug (Draconian Fire Elementalist)   Turns: 134, Time: 00:00:35

Health: -1/14      AC:  4    Str: 10    XL:     1   Next: 66%
Magic:  1/3        EV: 12    Int: 15    God:
Gold:   3          SH:  0    Dex: 11    Spells: 3/4 levels left

rFire   . . .        (no weapon)
rCold   . . .        (no shield)
rNeg    . . .        (body armour unavailable)
rPois   .            (helmet restricted)
rElec   .            (no cloak)
rCorr   .            (no gloves)
SInv    .            (no boots)
Will    .....        (no amulet)
Stlth   ++           (no ring)
HPRegen 0.22/turn    (no ring)
MPRegen 0.08/turn

%: no passive effects
@: no status effects
A: AC +4, unfitting armour, cold-blooded
a: no special abilities


You were on level 1 of the Dungeon.
You visited 1 branch of the dungeon, and saw 1 of its levels.

You collected 3 gold pieces.

Inventory:

Scrolls
 c - a scroll of blinking {unknown}
Potions
 a - a potion of magic
 b - a potion of resistance {unknown}


   Skills:
 + Level 1.7 Dodging
 + Level 1.7 Stealth
 + Level 2.1 Spellcasting
 + Level 1.2 Conjurations
 + Level 3.2 Fire Magic


You had 3 spell levels left.
You knew the following spells:

 Your Spells              Type           Power      Damage    Failure   Level
a - Foxfire               Conj/Fire      32%        2x1d5     9%          1

Your spell library contained the following spells:

 Spells                   Type           Power      Damage    Failure   Level
 Scorch                   Fire           22%        2d5       9%          2
 Inner Flame              Hex/Fire       6%         N/A       34%         3
 Volatile Blastmotes      Fire/Tloc      12%        2d11      34%         3
 Flame Wave               Conj/Fire      8%         2d5       65%         4


Dungeon Overview and Level Annotations

Branches:
Dungeon (1/15)

Altars:


Innate Abilities, Weirdness & Mutations

Your plain brown scales are hard. (AC +4)
You cannot fit into any form of body armour.
You are cold-blooded and may be slowed by cold attacks.


Message History

Magic restored.
A jackal comes into view.
A jackal is nearby!
You conjure some foxfire!
You conjure some foxfire!
You conjure some foxfire!
The foxfire hits the jackal.
The jackal is moderately wounded.
Your foxfire dissipates!
You are out of magic!
Your foxfire dissipates! x2
You are out of magic!
You are out of magic!
A jackal comes into view.
Found a sling.
The jackal barely misses you.
You hit the jackal.
The jackal is heavily wounded.
The jackal bites you.
A goblin comes into view. It is wielding a +0 spear.
You closely miss the jackal.
The jackal is heavily wounded.
The jackal barely misses you.
You hit the jackal but do no damage.
The jackal is heavily wounded.
The jackal bites you but does no damage.
The jackal barely misses you.
You hit the jackal. You tail-slap the jackal.
You kill the jackal!
A jackal comes into view.
Found a scroll labelled CEIV HOTOWEMP.
The goblin hits you with a +0 spear. The goblin attacks as you move away!
The goblin hits you with a +0 spear. The jackal attacks as you move away!
The jackal misses you.
The jackal barks!
The goblin hits you but does no damage.
You miss the jackal. The jackal barely misses you. x2
The goblin barely misses you.
You are too injured to fight recklessly!
You barely miss the jackal. The jackal bites you.
* * * LOW HITPOINT WARNING * * *
The goblin hits you from afar with a +0 spear.
You die...

..
.............####
. ...........###
. ...........#
.##.......#
##ยง..#### ###.#
#.# #.# #@#####
#h....#
#.....g.....#
......h.......#
###...........#
#...........#
..........)..#
...............
.?.............


You could see 2 jackals and a goblin.

Vanquished Creatures
  2 hobgoblins (D:1)
  A jackal (D:1)
  A kobold (D:1)
4 creatures vanquished.

Vanquished Creatures (others)
  11 foxfires (D:1)
11 creatures vanquished.

Grand Total: 15 creatures vanquished

Notes
Turn   | Place    | Note
-------+----------+-------------------------------------------
     0 | D:1      | Barriton the Draconian Fire Elementalist began the quest
                  | for the Orb.
     0 | D:1      | Reached XP level 1. HP: 14/14 MP: 3/3
   134 | D:1      | Slain by a goblin

Illustrated notes

Levels and vault maps discovered:
D:1:      heliophobic_arrival_battle_scene, layout_rooms

Action                     || total
---------------------------++-------
  Melee: Unarmed           ||    11
         Tailslap          ||     1
   Cast: Foxfire           ||     8
 Armour: Skin              ||     5
  Dodge: Dodged            ||     7
